 Dungeon Crawl Stone Soup version 0.30.0-2-g1aa4bd4387 (webtiles) character file.

Game seed: 10136679799136358594

313491 MacCMillion the Slayer (level 20, -3/199 (200) HPs)
             Began as a Minotaur Fighter on May 6, 2023.
             Was a High Priest of Okawaru.
             Killed from afar by a starcursed mass (10 damage)
             ... with an accursed screaming
             ... summoned by a demonspawn corrupter
             ... while paralysed
             ... in a wizard's laboratory on May 7, 2023.
             The game lasted 02:09:27 (66017 turns).

MacCMillion the Slayer (Minotaur Fighter)          Turns: 66017, Time: 02:09:27

HP:   -3/199 (200)  AC: 30    Str: 26      XL:     20   Next: 46%
MP:   27/30         EV:  2    Int:  0 (5)  God:    Okawaru [*****.]
Gold: 2501          SH:  0    Dex: 17      Spells: 19/19 levels left

rFire   + . .        a - +9 broad axe (freeze)
rCold   . . .        c - +0 kite shield
rNeg    . . .        S - +2 crystal plate armour
rPois   .            I - +1 hat
rElec   +            w - +1 cloak of Starlight {*Dazzle EV+4 Stlth--}
rCorr   +            U - +0 pair of gloves {hurl}
SInv    .            r - +2 pair of boots of the Delightful Tick {Rampage Will+}
Will    +++..        K - amulet of reflection Stlth
                     W - ring of Cihupnexadu {rElec rF+ rCorr Dex+3}
HPRegen 0.53/turn    m - ring of willpower
MPRegen 0.22/turn

%: reflection, rampage
@: paralysed, about to teleport, finesse-ful, corroded, slowed, lost
intelligence, studying Dodging, lightly drained, unable to read
A: horns 2, retaliatory headbutt
}: 2/15 runes: serpentine, barnacled
a: Renounce Religion, Heroism, Finesse, Duel


You were in a wizard's laboratory.
You worshipped Okawaru.
Okawaru was extremely pleased with you.
You visited 8 branches of the dungeon, and saw 35 of its levels.
You visited the Abyss 1 time.
You visited 1 bazaar.
You also visited: Wizlab.

You collected 3939 gold pieces.
You spent 1438 gold pieces at shops.

Inventory:

Hand Weapons
 a - a +9 broad axe of freezing (weapon)
 C - a +0 demon whip of venom
Missiles
 b - 3 datura-tipped darts
 l - 3 silver boomerangs
 v - 21 boomerangs (quivered)
 B - 9 throwing nets
 L - 12 silver javelins
 P - 14 javelins
Armour
 c - a +0 kite shield (worn)
 d - a +2 cloak of willpower
 r - the +2 pair of boots of the Delightful Tick (worn) {Rampage Will+}
   (Okawaru gifted it to you on level 1 of the Elven Halls)

   Rampage:   It bestows one free step when moving towards enemies.
   Will:      It increases your willpower.
 w - the +1 cloak of Starlight (worn) {*Dazzle EV+4 Stlth--}
   (You found it on level 3 of the Elven Halls)

   *Dazzle:   It may blind those who miss an attack against the wearer in melee
   combat.
   EV:        It affects your evasion (+4).
   Stlth:     It makes you much less stealthy.
 I - a +1 hat (worn)
 S - a +2 crystal plate armour (worn)
 U - a +0 pair of gloves of hurling (worn)
Jewellery
 e - a ring of protection from fire
 m - a ring of willpower (right hand)
 t - a ring of poison resistance
 E - a +6 ring of strength
 F - a ring of flight
 J - a ring of see invisible
 K - an amulet of reflection (around neck)
 T - a ring of positive energy
 V - the amulet of the Transmuting Coward {Regen+ Str-4 Dex+7}
   (You found it on level 4 of the Shoals)

   [amulet of regeneration]

   Str:       It affects your strength (-4).
   Dex:       It affects your dexterity (+7).
   Regen:     It increases your rate of health regeneration.
 W - the ring of Cihupnexadu (left hand) {rElec rF+ rCorr Dex+3}
   (You bought it in a shop on level 1 of the Snake Pit)

   [ring of protection from fire]

   Dex:       It affects your dexterity (+3).
   rF:        It protects you from fire.
   rElec:     It insulates you from electricity.
   rCorr:     It protects you from acid and corrosion.
Wands
 y - a wand of digging (5)
 O - a wand of quicksilver (27)
 Y - a wand of iceblast (20)
Scrolls
 f - 4 scrolls of immolation
 g - 9 scrolls of poison
 k - 13 scrolls of teleportation
 n - 3 scrolls of silence
 o - 3 scrolls of enchant armour
 u - 5 scrolls of blinking
 x - a scroll of torment
 A - 6 scrolls of fog
 D - 4 scrolls of vulnerability
 G - 4 scrolls of fear
 M - a scroll of brand weapon
Potions
 h - 3 potions of might
 i - 13 potions of curing
 j - 6 potions of cancellation
 p - 6 potions of resistance
 q - 5 potions of haste
 s - 2 potions of flight
 z - 4 potions of attraction
 H - 2 potions of ambrosia
 N - 7 potions of mutation
 Q - 9 potions of lignification
 R - 4 potions of heal wounds
 X - 7 potions of invisibility
 Z - 4 potions of berserk rage


   Skills:
 - Level 22.0 Fighting
 - Level 18.0 Axes
 + Level 15.9 Throwing
 + Level 20.5 Armour
 + Level 9.6 Dodging
 + Level 15.8 Shields
 - Level 15.0 Invocations


You had 19 spell levels left.
You didn't know any spells.
Your spell library contained the following spells:

 Spells                   Type           Power      Damage    Failure   Level
 Apportation              Tloc           0%         N/A       100%        1
 Kiss of Death            Conj/Necr      0%         2d5       100%        1
 Magic Dart               Conj           0%         1d3       100%        1
 Necrotise                Necr           0%         1d4       100%        1
 Shock                    Conj/Air       0%         1d3       100%        1
 Slow                     Hex            0%         N/A       100%        1
 Ensorcelled Hibernation  Hex/Ice        0%         N/A       100%        2
 Searing Ray              Conj           0%         2d4       100%        2
 Sublimation of Blood     Necr           0%         N/A       100%        2
 Confusing Touch          Hex            0%         N/A       100%        3
 Dazzling Flash           Conj/Hex       0%         N/A       100%        3
 Frozen Ramparts          Ice            0%         1d1       100%        3
 Ignite Poison            Fire/Tmut/Pois 0%         N/A       100%        3
 Inner Flame              Hex/Fire       0%         N/A       100%        3
 Ozocubu's Armour         Ice            0%         N/A       100%        3
 Portal Projectile        Hex/Tloc       0%         N/A       100%        3
 Spider Form              Tmut/Pois      0%         N/A       100%        3
 Swiftness                Air            0%         N/A       100%        3
 Vampiric Draining        Necr           0%         2d6       100%        3
 Vhi's Electric Charge    Tloc/Air       0%         N/A       100%        3
 Airstrike                Air            0%         2d(0-16)  100%        4
 Anguish                  Hex/Necr       0%         N/A       100%        4
 Cause Fear               Hex            0%         N/A       100%        4
 Fulminant Prism          Conj/Hex       0%         3d5       100%        4
 Ice Form                 Ice/Tmut       0%         N/A       100%        4
 Leda's Liquefaction      Hex/Erth       0%         N/A       100%        4
 Petrify                  Tmut/Erth      0%         N/A       100%        4
 Sticky Flame             Conj/Fire      0%         2d3       100%        4
 Alistair's Intoxication  Tmut/Pois      0%         N/A       100%        5
 Arcjolt                  Conj/Air       0%         1d10      100%        5
 Blade Hands              Tmut           0%         N/A       100%        5
 Borgnjor's Vile Clutch   Necr/Erth      0%         N/A       100%        5
 Irradiate                Conj/Tmut      0%         3d11      100%        5
 Metabolic Englaciation   Hex/Ice        0%         N/A       100%        5
 Yara's Violent Unravell  Hex/Tmut       0%         3d3       100%        5
 Conjure Ball Lightning   Conj/Air       0%         3x3d6     100%        6
 Plasma Beam              Fire/Air       0%         2x1d11    100%        6
 Statue Form              Tmut/Erth      0%         N/A       100%        6
 Enfeeble                 Hex            0%         N/A       100%        7
 Orb of Destruction       Conj           0%         9d5       100%        7
 Ozocubu's Refrigeration  Ice            0%         4d7       100%        7
 Storm Form               Tmut/Air       0%         N/A       100%        7
 Discord                  Hex            0%         N/A       100%        8
 Disjunction              Tloc           0%         N/A       100%        8
 Ignition                 Fire           0%         3d3       100%        8
 Maxwell's Capacitive Co  Air            0%         ∞         100%        8
 Death's Door             Necr           0%         N/A       100%        9
 Summon Guardian Golem    Hex/Summ       Unusable   N/A       N/A         3
 Tukima's Dance           Hex            Unusable   N/A       N/A         3
 Animate Dead             Necr           Unusable   N/A       N/A         4
 Summon Ice Beast         Ice/Summ       Unusable   N/A       N/A         4
 Summon Lightning Spire   Summ/Air       Unusable   N/A       N/A         4
 Death Channel            Necr           Unusable   N/A       N/A         6
 Simulacrum               Ice/Necr       Unusable   N/A       N/A         6
 Spellforged Servitor     Conj/Summ      Unusable   N/A       N/A         7

Dungeon Overview and Level Annotations

Branches:
Dungeon (15/15)            Temple (1/1) D:4            Lair (5/5) D:8
 Shoals (4/4) Lair:2        Snake (4/4) Lair:2        Slime (0/5) Lair:4
    Orc (2/2) D:10            Elf (3/3) Orc:2        Vaults (1/5) D:14
 Depths (0/4) D:15         WizLab (1/1)

Altars:
Ashenzari
Cheibriados
Dithmenos
Elyvilon
Fedhas
Gozag
Hepliaklqana
Kikubaaqudgha
Makhleb
Nemelex Xobeh
Okawaru
Qazlal
Ru
Sif Muna
Trog
Uskayaw
Vehumet
Wu Jian
Xom
Yredelemnul
Zin
The Shining One
Jiyva

Shops:
Orc:2 :[[!   Elf:2 [   Elf:3 [*=   Snake:1 :==   Snake:2 [[!

Annotations:
D:14 Roxanne
D:15 2 transporters, rlgrobin's ghost, journeyman HOFi
Lair:4 3 runed translucent doors, puimuR's ghost, journeyman MeHs
Shoals:4 Polyphemus
Snake:4 1 runed translucent door, Acheron's ghost, adept AtBe
Elf:3 3 runed translucent doors, Fuonemn's ghost, veteran DDBe


Innate Abilities, Weirdness & Mutations

You have a pair of horns on your head.
You reflexively headbutt those who attack you in melee.


Message History

Blink to where?
Press: ? - help, Dir - move target Really blink into a travel-excluded area?
As you read the scroll of blinking, it crumbles to dust.
The sphinx mumbles some strange words.
Something smites you!
* * * LOW HITPOINT WARNING * * *
The demonspawn corrupter calls forth creatures from the Realm of Zot!
As you read the scroll of teleportation, it crumbles to dust.
You feel strangely unstable.
You are engulfed in degeneration.
You feel yourself deteriorate.
You feel dopey.
The ancient champion disappears in a puff of smoke!
The sphinx disappears in a puff of smoke!
The demonspawn corrupter calls down the wrath of Lugonu upon you.
The entropic weave corrodes you!
You feel much better.
You are engulfed in degeneration.
You feel yourself deteriorate.
You feel dopey.
You have lost your intelligence.
The war gargoyle is engulfed in degeneration.
The war gargoyle hits you but does no damage.
The war gargoyle is engulfed in degeneration.
The war gargoyle hits you with a +0 morningstar!!
* * * LOW HITPOINT WARNING * * *
The demonspawn corrupter calls forth creatures from the Abyss!
You are engulfed in degeneration.
The war gargoyle is engulfed in degeneration.
The war gargoyle hits you with a +0 morningstar!
* * * LOW HITPOINT WARNING * * *
The mummy priest prays to its god.
The demonspawn corrupter calls forth creatures from the Elven Halls!
A starcursed mass splits.
You are engulfed in degeneration.
The mummy priest disappears in a puff of smoke!
The sixfirhy disappears in a puff of smoke!
The war gargoyle launches metal splinters at you.
The spray of metal splinters hits you but does no damage.
The war gargoyle hits you but does no damage.
A chorus of shrieks assaults your mind.
You die...

##### #!..# #?!.# #..!#
#################'#
#..y9@§§#.).)'....# ###
#.XX#...#..!)#....#
#!..#.D.#.§!#....#))..#
#!!e§6§.##§##'####'####
#?§.#6.X§X§§§......#
#:. #..X#§§§...!...# ##
#####'########'#
#...#...8.8....#######
#...#..........'......


You could see 2 starcursed masses, a golden dragon (summoned), a demonspawn
corrupter, a war gargoyle (summoned, catching breath), a moth of wrath
(summoned) and a deep elf high priest (summoned).

Vanquished Creatures
  Nikola (Snake:4)
  A bone dragon (Abyss:3)
  Rupert (Orc:1)
  3 deep elf blademasters
  3 deep elf master archers (Elf:3)
  2 sphinxes
  Agnes (Snake:4)
  Ilsuiw (Shoals:2)
  2 vault wardens (Vaults:1)
  3 nagarajas
  Aizul (Snake:1)
  7 deep elf sorcerers
  2 orc warlords
  3 deep elf elementalists (Elf:3)
  2 demonspawn corrupters (WizLab)
  3 stone giants
  3 ironbound preservers (Vaults:1)
  A minotaur (Shoals:4)
  4 deep elf annihilators (Elf:3)
  A lorocyproca (Abyss:3)
  5 deep elf demonologists
  An ettin (Orc:1)
  Josephine (Orc:1)
  5 merfolk impalers
  Snorg (Orc:1)
  4 deep elf death magi (Elf:3)
  3 merfolk javelineers
  2 yaktaur captains (Vaults:1)
  A fire dragon (Lair:5)
  7 deep elf high priests
  10 hydras
  10 vault guards
  A rakshasa (D:13)
  5 ogre magi
  4 salamander tyrants (Snake:4)
  3 merfolk avatars
  2 catoblepae
  3 merfolk aquamancers
  4 centaur warriors
  10 anacondas
  An ironbound frostheart (Vaults:1)
  10 naga warriors
  22 two-headed ogres
  7 satyrs
  6 death yaks
  25 dancing weapons
  5 tengu warriors
  4 thrashing horrors (Abyss:3)
  10 naga sharpshooters
  An orc high priest (Elf:1)
  7 shock serpents
  3 hell hogs (Abyss:3)
  Urug (Lair:2)
  16 deep elf knights
  2 wretched stars (Abyss:3)
  Amaemon (D:8)
  12 sea snakes
  7 deep trolls (Vaults:1)
  3 skysharks
  2 ironbound convokers (Vaults:1)
  6 salamander mystics
  A glowing orange brain (WizLab)
  9 naga ritualists
  5 wizards
  A spriggan druid (WizLab)
  7 orc knights
  5 lindwurms
  11 deep elf archers
  18 harpies
  27 deep elf pyromancers
  34 deep elf zephyrmancers
  2 orc sorcerers
  An oklob plant (Snake:1)
  16 mana vipers
  19 salamanders
  7 manticores
  13 cyclopes
  5 ugly things
  7 worldbinders (WizLab)
  29 fauns
  23 elephants
  12 merfolk sirens
  8 guardian serpents
  21 naga magi
  4 molten gargoyles
  9 cane toads
  40 black mambas
  A torpor snail (WizLab)
  3 water nymphs
  An orange demon (D:8)
  A gargoyle (D:12)
  14 komodo dragons
  Psyche (D:11)
  An efreet (D:15)
  2 unseen horrors (D:13)
  3 rime drakes
  23 merfolk
  9 trolls
  A silent spectre (Orc:1)
  2 polar bears
  4 hellwings (Abyss:3)
  3 wind drakes
  Grinder (D:6)
  26 blink frogs
  12 dream sheep (Shoals:3)
  8 snapping turtles
  5 flying skulls (Abyss:3)
  A shadow (D:11)
  9 water elementals
  9 wyverns
  11 slime creatures (D:14)
  2 air elementals
  6 wraiths
  A vampire (D:14)
  A human (D:10)
  54 yaks
  A fire elemental (Elf:3)
  7 basilisks
  Eustachio (D:5)
  5 steam dragons
  A neqoxec (Abyss:3)
  9 vampire mosquitoes
  53 nagas
  A large abomination (Abyss:3)
  4 wargs (Orc:2)
  3 acid dragons
  7 hell hounds
  11 water moccasins
  A black bear (D:7)
  33 orc warriors
  An ice beast (D:6)
  A sky beast (D:6)
  30 ogres
  5 centaurs
  4 boggarts (D:15)
  19 wolves
  2 small abominations (Abyss:3)
  2 phantoms
  12 bullfrogs
  2 kobold brigands
  Blork the orc (D:4)
  2 earth elementals
  A gnoll sergeant (D:11)
  5 scorpions
  16 wights
  9 killer bees
  5 electric eels
  A crimson imp (Abyss:3)
  5 lava snakes (Lair:5)
  A quasit (Abyss:3)
  5 hounds
  3 jellies
  19 orc priests
  3 sleepcaps
  6 iguanas (D:9)
  Ijyb (D:5)
  Natasha (twice) (D:4)
  A human skeleton (D:10)
  14 orc wizards
  14 gnolls
  7 adders
  A shadow imp (D:5)
  2 white imps
  2 worms (D:3)
  A dart slug (D:1)
  69 orcs
  6 ball pythons
  10 endoplasms
  2 giant cockroaches (D:1)
  7 goblins
  7 hobgoblins
  7 quokkas
  13 bats
  5 frilled lizards
  11 kobolds
  3 rats
1309 creatures vanquished.

Vanquished Creatures (others)
  A deep elf annihilator (Elf:3)
  A deep elf knight (Elf:1)
  2 wizards (WizLab)
  2 deep elf zephyrmancers
  A bush (Lair:3)
  53 fungi
  124 plants
  2 withered plants (Snake:4)
186 creatures vanquished.

Grand Total: 1495 creatures vanquished

Notes
Turn   | Place    | Note
-------+----------+-------------------------------------------
     0 | D:1      | MacCMillion the Minotaur Fighter began the quest for the
                  | Orb.
     0 | D:1      | Reached XP level 1. HP: 19/19 MP: 0/0
   104 | D:1      | Reached XP level 2. HP: 25/26 MP: 1/1
   584 | D:1      | Got the Book of Glowing Mortification
   899 | D:2      | Reached XP level 3. HP: 31/31 MP: 2/2
  1149 | D:2      | Reached XP level 4. HP: 32/39 MP: 3/3
  1354 | D:2      | Reached skill level 5 in Axes
  1920 | D:3      | Upgraded the game from 0.30.0 to 0.30.0-2-g1aa4bd4387
  1957 | D:3      | Reached XP level 5. HP: 45/45 MP: 4/4
  2279 | D:3      | Reached XP level 6. HP: 46/51 MP: 5/5
  2355 | D:3      | Found a faded altar of an unknown god.
  2979 | D:4      | Noticed Blork the orc
  2988 | D:4      | Killed Blork the orc
  2989 | D:4      | Reached XP level 7. HP: 40/57 MP: 6/6
  3244 | D:4      | Got the Precepts of Enchanting Dislocation
  3251 | D:4      | Found a large runed translucent door.
  3275 | D:4      | Found a large runed translucent door.
  3375 | D:4      | Identified the +4 sling "Hellblazer" {freeze, rElec Will+
                  | Str+4 Int+3}
  3547 | D:4      | Reached skill level 10 in Axes
  3593 | D:4      | Found a staircase to the Ecumenical Temple.
  3606 | Temple   | Entered the Ecumenical Temple
  3771 | Temple   | Became a worshipper of Warmaster Okawaru
  3881 | D:4      | Noticed Natasha
  4007 | D:4      | Killed Natasha
  4070 | D:4      | Found a sacrificial altar of Ru.
  4076 | D:4      | Found a shadowy altar of Dithmenos.
  4112 | D:5      | Entered Level 5 of the Dungeon
  4174 | D:5      | Noticed Ijyb
  4184 | D:5      | Killed Ijyb
  4485 | D:5      | Reached skill level 4 in Fighting
  4485 | D:5      | Reached skill level 1 in Invocations
  4602 | D:5      | Noticed Eustachio
  4645 | D:4      | Noticed Natasha
  4650 | D:4      | Killed Natasha
  4694 | D:5      | Killed Eustachio
  4695 | D:5      | Reached XP level 8. HP: 63/67 MP: 8/8
  5103 | D:5      | Reached skill level 5 in Fighting
  5118 | D:5      | Noticed Grinder
  5520 | D:6      | Reached * piety under Okawaru
  5521 | D:6      | Reached skill level 1 in Throwing
  5795 | D:6      | Paralysed by Grinder for 2 turns
  5819 | D:6      | Killed Grinder
  5910 | D:6      | Reached skill level 6 in Fighting
  6190 | D:6      | Reached XP level 9. HP: 69/75 MP: 10/10
  6937 | D:7      | Found a snail-covered altar of Cheibriados.
  7014 | D:7      | Reached ** piety under Okawaru
  7593 | D:6      | Reached skill level 7 in Fighting
  8831 | D:8      | Noticed a cyclops
  8847 | D:8      | Killed a cyclops
  8847 | D:8      | Reached *** piety under Okawaru
  8848 | D:8      | Reached skill level 5 in Armour
  9048 | D:8      | Reached XP level 10. HP: 87/88 MP: 11/11
  9400 | D:8      | Noticed a death yak
  9435 | D:8      | Killed a death yak
  9436 | D:8      | Reached skill level 8 in Fighting
  9436 | D:8      | Reached skill level 5 in Throwing
  9522 | D:8      | Noticed a death yak
  9522 | D:8      | Noticed a death yak
  9590 | D:8      | Killed a death yak
  9590 | D:8      | Reached **** piety under Okawaru
  9703 | D:8      | Killed a death yak
 10160 | D:8      | Found a staircase to the Lair.
 10172 | D:8      | Received a gift from Okawaru
 10604 | D:9      | Noticed Amaemon
 10604 | D:9      | Noticed an orange demon
 10620 | D:8      | Killed an orange demon
 10621 | D:8      | Reached skill level 9 in Fighting
 10621 | D:8      | Reached skill level 15 in Axes
 10670 | D:8      | Killed Amaemon
 11385 | D:9      | Reached ***** piety under Okawaru
 11386 | D:9      | Reached XP level 11. HP: 90/97 MP: 12/12
 11993 | D:10     | Entered Level 10 of the Dungeon
 12391 | D:10     | Found a runed translucent door.
 12427 | D:10     | Found an ancient bone altar of Kikubaaqudgha.
 12732 | D:10     | Found a staircase to the Orcish Mines.
 12798 | D:10     | Received a gift from Okawaru
 12798 | D:10     | Found the +2 cloak of the Thief {*Fog Slay-2 SInv Stlth+}
 12809 | D:10     | Reached skill level 10 in Fighting
 13101 | D:10     | Found a basalt altar of Yredelemnul.
 13127 | D:10     | Found a shimmering blue altar of Sif Muna.
 13127 | D:10     | Found an opulent altar of Gozag.
 13258 | D:11     | Reached skill level 10 in Armour
 13534 | D:11     | Reached skill level 1 in Dodging
 13745 | D:11     | Noticed Psyche
 13752 | D:11     | Killed Psyche
 15107 | D:12     | You fall into a shaft and drop 1 floor!
 15157 | D:13     | Noticed a seven-headed hydra
 15194 | D:12     | Noticed a purple ugly thing
 15291 | Lair:1   | Entered Level 1 of the Lair of Beasts
 15414 | Lair:1   | Reached XP level 12. HP: 108/108 MP: 14/14
 15873 | Lair:1   | Noticed a catoblepas
 15906 | Lair:1   | Killed a catoblepas
 15906 | Lair:1   | Received a gift from Okawaru
 15907 | Lair:1   | Reached skill level 11 in Fighting
 15908 | Lair:1   | Reached skill level 5 in Invocations
 16482 | Lair:1   | Reached skill level 5 in Dodging
 16617 | Lair:1   | Received a gift from Okawaru
 17477 | Lair:2   | Reached skill level 12 in Fighting
 17735 | Lair:2   | Found a staircase to the Snake Pit.
 18032 | Lair:2   | Found a staircase to the Shoals.
 18036 | Lair:2   | Identified the +0 hat of Wrong Decisions {Int+5} (Okawaru
                  | gifted it to you on level 2 of the Lair of Beasts)
 18036 | Lair:2   | Received a gift from Okawaru
 18303 | Lair:2   | Noticed Urug
 18318 | Lair:2   | Killed Urug
 18737 | Lair:2   | Reached skill level 13 in Fighting
 18928 | Lair:3   | Noticed a death yak
 18929 | Lair:3   | Noticed a death yak
 18929 | Lair:3   | Noticed a death yak
 19189 | Lair:2   | Killed a death yak
 19190 | Lair:2   | Reached XP level 13. HP: 122/122 MP: 18/18
 20083 | Lair:3   | Reached skill level 14 in Fighting
 20479 | Lair:3   | Identified the +5 plate armour of Bykk {rElec Int-5 Dex+6
                  | Stlth+} (Okawaru gifted it to you on level 3 of the Lair of
                  | Beasts)
 20479 | Lair:3   | Received a gift from Okawaru
 20962 | Lair:4   | Reached skill level 10 in Invocations
 21048 | Lair:4   | Reached skill level 15 in Fighting
 22456 | Lair:4   | Found a viscous altar of Jiyva.
 22457 | Lair:4   | Found a staircase to the Slime Pits.
 22584 | Lair:4   | Found a runed translucent gate.
 22590 | Lair:4   | Found a runed translucent gate.
 22591 | Lair:4   | Found a runed translucent gate.
 22592 | Lair:4   | Noticed puimuR's ghost (journeyman MeHs)
 23947 | Lair:5   | Entered Level 5 of the Lair of Beasts
 23965 | Lair:5   | Received a gift from Okawaru
 24021 | Lair:5   | Reached XP level 14. HP: 132/135 MP: 18/20
 24213 | Lair:5   | Identified the +11 great sword of the King {elec, Will+}
 25202 | Lair:5   | Received a gift from Okawaru
 25890 | Lair:5   | Received a gift from Okawaru
 25961 | Lair:5   | Found a large runed translucent door.
 26335 | Lair:5   | Found a large runed translucent door.
 26365 | Lair:5   | Reached skill level 16 in Fighting
 27014 | Lair:5   | Received a gift from Okawaru
 27176 | Lair:5   | Identified the +6 chain mail "Buygych" {Harm Int+8 Stlth-}
 27375 | Orc:1    | Entered Level 1 of the Orcish Mines
 27655 | Orc:1    | Found a transporter.
 27729 | Orc:1    | Noticed Snorg
 27740 | Orc:1    | Killed Snorg
 28182 | Orc:1    | Noticed a stone giant
 28322 | Orc:1    | Found a transporter.
 28322 | Orc:1    | Found a runed translucent door.
 28322 | Orc:1    | Found a bloodstained altar of Trog.
 28322 | Orc:1    | Found the necklace of Bloodlust {Fury *Rage Will++ Int-3
                  | Slay+6}
 28336 | Orc:1    | Killed a stone giant
 28749 | Orc:1    | Noticed a deep elf elementalist
 29234 | Orc:1    | Noticed a deep elf elementalist
 29234 | Orc:1    | Noticed a deep elf sorcerer
 29381 | Orc:2    | Entered Level 2 of the Orcish Mines
 29381 | Orc:2    | Noticed Rupert
 29381 | Orc:2    | Noticed an orc warlord
 29388 | Orc:2    | Noticed Josephine
 29759 | Orc:1    | Found a transporter.
 29862 | Orc:1    | Killed Rupert
 30078 | Orc:2    | Identified the +1 robe of the Stallion {Rampage Int+2
                  | Dex-3} (Okawaru gifted it to you on level 2 of the Orcish
                  | Mines)
 30078 | Orc:2    | Received a gift from Okawaru
 30376 | Orc:2    | Found a staircase to the Elven Halls.
 30388 | Orc:2    | Paralysed by an orc sorcerer for 4 turns
 30404 | Orc:1    | Killed an orc warlord
 30699 | Orc:2    | Reached XP level 15. HP: 111/144 MP: 20/22
 31368 | Orc:1    | Killed Josephine
 31384 | Orc:2    | Reached skill level 17 in Fighting
 31396 | Orc:2    | Received a gift from Okawaru
 31476 | Orc:2    | Found Tudemm's Antique Armour Shoppe.
 31476 | Orc:2    | Found Peujip's Distillery.
 31477 | Orc:2    | Found Nuillahol's Book Shop.
 31477 | Orc:2    | Found Adinir's Antique Armour Shoppe.
 31951 | Orc:1    | Found a transporter.
 32375 | D:12     | Identified the scarf "Bulad" {+Inv, -Tele Will+ Int+3 SInv}
                  | (Okawaru gifted it to you on level 12 of the Dungeon)
 32375 | D:12     | Received a gift from Okawaru
 33749 | D:14     | Found a gate to the Vaults.
 33972 | D:13     | Reached skill level 5 in Shields
 34544 | D:14     | Identified Roxanne's Discursus on the Xenotype
 34544 | D:14     | Noticed Roxanne
 35321 | D:15     | Entered Level 15 of the Dungeon
 35400 | D:15     | Received a gift from Okawaru
 35401 | D:15     | Reached XP level 16. HP: 155/157 MP: 24/24
 35437 | D:15     | Noticed rlgrobin's ghost (journeyman HOFi)
 35518 | D:15     | Found a transporter.
 35975 | D:15     | Found a transporter.
 36148 | D:15     | Reached skill level 10 in Shields
 36423 | D:15     | Found a staircase to the Depths.
 36724 | Lair:2   | Found a staircase to the Snake Pit.
 36733 | Snake:1  | Entered Level 1 of the Snake Pit
 37405 | Snake:1  | Identified the +0 plate armour "Xetublil" {*Slow rC+ Int+4
                  | Slay+2}
 37585 | Snake:1  | Noticed Aizul
 37602 | Snake:1  | Killed Aizul
 37602 | Snake:1  | Received a gift from Okawaru
 37732 | Snake:1  | Found a glowing golden altar of the Shining One.
 38445 | Snake:1  | Found Ruphu's Jewellery Boutique.
 38446 | Snake:1  | Found Etiptor's Book Emporium.
 38447 | Snake:1  | Found Eluzaesich's Jewellery Boutique.
 38453 | Snake:1  | Bought the ring of Cihupnexadu {rElec rF+ rCorr Dex+3} for
                  | 610 gold pieces
 38992 | Snake:1  | Received a gift from Okawaru
 39670 | Snake:1  | Found Etiptor's Book Emporium.
 39670 | Snake:1  | Found Eluzaesich's Jewellery Boutique.
 39671 | Snake:1  | Found Ruphu's Jewellery Boutique.
 39811 | Snake:1  | Found a glowing golden altar of the Shining One.
 40461 | Snake:1  | Found Etiptor's Book Emporium.
 40461 | Snake:1  | Found Eluzaesich's Jewellery Boutique.
 40462 | Snake:1  | Found Ruphu's Jewellery Boutique.
 40609 | Snake:1  | Found a glowing golden altar of the Shining One.
 41862 | Snake:2  | Found Osainyr's Armour Emporium.
 42125 | Snake:2  | Received a gift from Okawaru
 42515 | Snake:2  | You fall into a shaft and drop 1 floor!
 42536 | Snake:3  | Reached skill level 15 in Shields
 42810 | Snake:3  | Reached skill level 18 in Fighting
 43056 | Snake:2  | Found Fiorotor's Antique Armour Shoppe.
 43187 | Snake:2  | Received a gift from Okawaru
 43190 | Snake:2  | Identified the +2 ring mail "Puic Xywne" {Dex+2}
 43394 | Snake:2  | Found Qaics's Distillery.
 43924 | Snake:3  | Reached XP level 17. HP: 81/166 MP: 15/25
 44458 | Snake:4  | Entered Level 4 of the Snake Pit
 44640 | Snake:4  | Found a runed translucent door.
 44640 | Snake:4  | Noticed Acheron's ghost (adept AtBe)
 44834 | Snake:4  | Noticed Agnes
 44846 | Snake:4  | Killed Agnes
 44968 | Snake:4  | Received a gift from Okawaru
 45078 | Snake:4  | Reached skill level 19 in Fighting
 45692 | Snake:4  | Noticed Nikola
 45708 | Snake:4  | Killed Nikola
 45709 | Snake:4  | Reached skill level 10 in Throwing
 46647 | Snake:4  | Reached skill level 15 in Armour
 46942 | Snake:4  | Reached skill level 20 in Fighting
 47471 | Snake:4  | Received a gift from Okawaru
 47690 | Snake:4  | Got a serpentine rune of Zot
 47903 | Snake:1  | Bought an amulet of reflection for 570 gold pieces
 48127 | Lair:2   | Found a staircase to the Shoals.
 48403 | Shoals:1 | Entered Level 1 of the Shoals
 48865 | Shoals:1 | Received a gift from Okawaru
 49470 | Shoals:2 | Noticed Ilsuiw
 49516 | Shoals:2 | Killed Ilsuiw
 49517 | Shoals:2 | Reached skill level 15 in Invocations
 49649 | Shoals:2 | Found a flickering gateway to a bazaar.
 49689 | Bazaar   | Entered a bazaar
 49746 | Bazaar   | Found Mummintaxo's Antique Weapon Shoppe.
 49754 | Bazaar   | Found Tuen's Armour Boutique.
 49761 | Bazaar   | Found Cotear's Armour Shoppe.
 49769 | Bazaar   | Bought a +2 cloak of willpower for 258 gold pieces
 49786 | Bazaar   | Found Askeet's Book Boutique.
 50274 | Shoals:2 | Reached XP level 18. HP: 150/180 MP: 28/28
 51478 | Shoals:3 | Reached skill level 21 in Fighting
 51914 | Shoals:3 | Reached ****** piety under Okawaru
 51914 | Shoals:3 | Received a gift from Okawaru
 52111 | Shoals:3 | Received a gift from Okawaru
 52577 | Shoals:4 | Entered Level 4 of the Shoals
 53050 | Shoals:4 | Received a gift from Okawaru
 54406 | Shoals:4 | Noticed Polyphemus
 54408 | Abyss:3  | Found a corrupted altar of Lugonu.
 54408 | Abyss:3  | Cast into level 3 of the Abyss (merfolk impaler)
 54564 | Abyss:3  | Found a corrupted altar of Lugonu.
 54588 | Abyss:3  | Noticed a bone dragon
 54608 | Abyss:3  | Killed a bone dragon
 54733 | Abyss:3  | Identified the +2 ring mail of the Orb Guardian {rC+}
                  | (Okawaru gifted it to you on level 3 of the Abyss)
 54733 | Abyss:3  | Received a gift from Okawaru
 54734 | Abyss:3  | Reached skill level 22 in Fighting
 54754 | Shoals:4 | Escaped the Abyss
 54821 | Shoals:4 | Identified the amulet of the Transmuting Coward {Regen+
                  | Str-4 Dex+7}
 54987 | Shoals:4 | Got a barnacled rune of Zot
 55007 | Shoals:4 | Identified the +4 fire dragon scales of Melancholy {rF++
                  | rC- Will+ Str+2 Dex+2}
 55658 | Elf:1    | Entered Level 1 of the Elven Halls
 56321 | Elf:1    | Reached XP level 19. HP: 191/191 MP: 29/29
 56628 | Elf:1    | Paralysed by an air elemental for 1 turns
 57447 | Elf:1    | Identified the +2 pair of boots of the Delightful Tick
                  | {Rampage Will+} (Okawaru gifted it to you on level 1 of the
                  | Elven Halls)
 57447 | Elf:1    | Received a gift from Okawaru
 58448 | Elf:2    | Found Tocwim's Armour Shoppe.
 59063 | Elf:2    | Found a huge runed translucent gate.
 59063 | Elf:2    | Found a huge runed translucent gate.
 59063 | Elf:2    | Found a huge runed translucent gate.
 59063 | Elf:2    | Found a huge runed translucent gate.
 59063 | Elf:2    | Found a huge runed translucent gate.
 60728 | Elf:3    | Entered Level 3 of the Elven Halls
 60862 | Elf:3    | Found Negoest's Jewellery Boutique.
 60863 | Elf:3    | Found Kaniva's General Store.
 60879 | Elf:3    | Found Ximec's Armour Boutique.
 60925 | Elf:3    | Received a gift from Okawaru
 62079 | Elf:3    | Identified the +7 morningstar "Obiuvuer" {protect, rElec
                  | rC+ Dex+3}
 62379 | Elf:3    | Identified the +10 lajatang of Flawed Execution {heavy,
                  | rC++ rCorr Str-4 Dex+3}
 62384 | Elf:3    | Identified the +1 plate armour of the Tormentor {Will-
                  | Int+7 Slay+5} (Okawaru gifted it to you on level 3 of the
                  | Elven Halls)
 62384 | Elf:3    | Received a gift from Okawaru
 62385 | Elf:3    | Reached skill level 15 in Throwing
 62385 | Elf:3    | Identified the +0 robe of Distant Worlds {rN+}
 62955 | Elf:3    | Paralysed by an air elemental for 1 turns
 63012 | Elf:3    | Found a runed translucent gate.
 63013 | Elf:3    | Found a runed translucent gate.
 63014 | Elf:3    | Found a runed translucent gate.
 63017 | Elf:3    | Noticed Fuonemn's ghost (veteran DDBe)
 63018 | Elf:3    | Identified the +11 broad axe "Tormentor" {antimagic, Contam
                  | rElec rN+ Will++}
 63252 | Elf:3    | Found an iron altar of Okawaru.
 63306 | Elf:3    | Identified the +10 glaive of the Teaching Priest {vamp, rF+
                  | rC+ Str-5 Int+4}
 63392 | Elf:3    | Identified the +7 rapier "Fodiptas" {flame, Int+3}
 63463 | Elf:3    | Reached XP level 20. HP: 200/200 MP: 30/30
 63974 | Elf:3    | Found the +1 cloak of Starlight {*Dazzle EV+4 Stlth--}
 64128 | Elf:3    | Identified the staff of air "Puci" {rElec Str+3 Int+3}
 64161 | Elf:3    | Identified the staff of cold "Cotibik" {rF+++ rC+ MP+9
                  | Dex-2}
 64465 | Vaults:1 | Entered Level 1 of the Vaults
 64662 | Vaults:1 | Found a magical portal.
 64671 | WizLab   | Entered Alistair's Party Mansion
 65284 | WizLab   | Received a gift from Okawaru
 65830 | WizLab   | Acquired a manual of Dodging
 66015 | WizLab   | Lost intelligence.
 66015 | WizLab   | Noticed a golden dragon
 66016 | WizLab   | HP: 7/199 [war gargoyle/+0 morningstar[a demonspawn
                  | corrupter] (11)]
 66017 | WizLab   | Killed from afar by a starcursed mass

Illustrated notes

Levels and vault maps discovered:
D:1:      erik_arrival_triangle_large, layout_loops_ring, minmay_tromino_mix6
D:2:      layout_basic, kennysheep_crisscross
D:3:      layout_loops_cross, shapermc_ecumenical_altar_acropolis
D:4:      layout_rooms, jmf_multi_god_temple2, minmay_temple_entry_hall,
          minmay_joined_circles, uniq_blork_the_orc, uniq_natasha
D:5:      layout_basic, grunt_ministairs_12, kennysheep_nondescript,
          uniq_grinder, uniq_eustachio, uniq_ijyb
D:6:      layout_gridville
D:7:      layout_cave_pods, mainiacjoe_overflow_catwalk
D:8:      layout_loops_ring, dpeg_lair_monsters
D:9:      layout_rooms, minmay_lizard_king, uniq_amaemon
D:10:     layout_gridville, dk_yredelemnul_ordeal,
          mainiacjoe_overflow_tiny_flanked, gammafunk_temple_overflow_wave,
          david_orc_2, serial_bayou_lagoon_b
D:11:     layout_basic, minmay_liquid_box, serial_bayou_crossing, uniq_psyche
D:12:     layout_loops_ring
D:13:     layout_cross
D:14:     layout_roguey, erik_vaults_2, roderic_serpentine_path,
          nicolae_lava_and_water, uniq_roxanne
D:15:     grunt_enter_depths_snipers, layout_loops_corners,
          gammafunk_ghost_stat_death, minivault_12
Temple:   bh_familiar_temple
Lair:1:   layout_layer_cave, nicolae_lair_grazing_beasts
          [nicolae_sub_lair_graze_edge, nicolae_sub_lair_graze_edge,
          nicolae_sub_lair_graze_edge, nicolae_sub_lair_graze_edge],
          grunt_megastairs_5, lemuel_fruit_fields, serial_bayou_shore_a
Lair:2:   layout_regular_city, elwin_shoals_entry_stream,
          guppyfry_snake_entry_island, lemuel_fruit_fields, uniq_urug
Lair:3:   layout_regular_city, roderic_batcave, hangedman_lair_generics_rect
Lair:4:   layout_layer_cave, slime_entry_1, gammafunk_ghost_hydra_chop,
          grunt_megastairs_2, infiniplex_staircase_pool
Lair:5:   cheibrodos_lair_end_hotspot, layout_hall_layers
Shoals:1: layout_shoals
Shoals:2: layout_shoals, serial_shops, bzr_entry_gold, uniq_ilsuiw
Shoals:3: layout_shoals
Shoals:4: shoals_end_hellmonk_lost_city, uniq_polyphemus
Snake:1:  layout_chambers, lemuel_oklob_altar, minmay_shop_grove, uniq_aizul
Snake:2:  layout_cave_pods, serial_shops, nicolae_shop_trees,
          nicolae_diamond_shop, shop, evilmike_ambush
          [evilmike_ambush_outer_basic, evilmike_ambush_inner_basic]
Snake:3:  layout_rooms
Snake:4:  snake_pit_salamanders_mu, layout_gridlike, gammafunk_ghost_grave,
          uniq_agnes, uniq_nikola
Orc:1:    emtedronai_trogs_sanctum, layout_caves, uniq_snorg
Orc:2:    st_orc_ogre_mass, layout_caves, nicolae_orc_flooded_monolith,
          uniq_josephine, uniq_rupert
Elf:1:    nicolae_elf_arrival_fired_up, layout_geoelf_grid, special_room
          [special_room_orc], kennysheep_underground_church
Elf:2:    elven_hall_of_blades_hangedman_alternative [nicolae_blade_bullseye],
          layout_onion_city, serial_shops, shop, serial_glass, glass_columns_a,
          glass_columns_a, glass_columns_a, glass_columns_c
Elf:3:    minmay_elf_hall_furrowed, layout_loops_ring,
          gammafunk_ghost_fury_of_okawaru, st_stairs_8,
          dreamdust_mushroom_princess, minmay_shop_star
Vaults:1: mu_enter_wizlab_6, nicolae_vaults_trapezoid_lopsided_3,
          ontoclasm_vaults_loading_screen, v_misc_19,
          nicolae_vaults_door_testing_chamber, nicolae_vaults_octothorpe,
          kb_rosetta, nicolae_vaults_prndl, ontoclasm_vaults_pinch,
          nicolae_vaults_diamond_1, nicolae_vaults_storage_closets_3,
          nicolae_vaults_tetromino_Z_2, nicolae_vaults_alarming,
          hangedman_vaults_hat, layout_vaults_maze_snakey
WizLab:   wizlab_alistair

Skill      XL: |  1  2  3  4  5  6  7  8  9 10 11 12 13 14 15 16 17 18 19 20 |
---------------+-------------------------------------------------------------+-----
Shields        | 4 9 15 | 15.8
Axes           | 3 4 6 7 9 10 12 13 15 16 18 | 18.0
Fighting       | 4 6 7 9 10 13 15 16 17 18 20 22 | 22.0
Invocations    | 1 3 4 8 10 11 12 15 | 15.0
Throwing       | 2 4 5 6 7 8 9 10 12 15 | 15.9
Armour         | 5 7 10 11 12 13 14 15 17 20 | 20.5
Dodging        | 3 6 7 8 9 |  9.6

Action                     |  1- 3 |  4- 6 |  7- 9 | 10-12 | 13-15 | 16-18 | 19-21 || total
---------------------------+-------+-------+-------+-------+-------+-------+-------++-------
  Melee: War axe           |    72 |    84 |   317 |   661 |   617 |       |       ||  1751
         Headbutt          |     9 |    16 |    54 |   159 |   270 |   315 |   143 ||   966
         Demon whip        |       |       |       |       |    34 |     4 |       ||    38
         Broad axe         |       |       |       |       |   454 |  1272 |   620 ||  2346
  Throw: Dart              |       |       |    11 |     5 |       |       |       ||    16
         Boomerang         |       |       |       |    12 |    48 |    32 |    93 ||   185
         Javelin           |       |       |       |       |     2 |       |     2 ||     4
 Invoke: Heroism           |       |       |       |     2 |       |       |       ||     2
         Finesse           |       |       |       |     4 |     7 |     9 |     5 ||    25
  Evoke: Wand              |       |       |       |     6 |     3 |       |       ||     9
    Use: Potion            |       |       |     2 |       |     1 |     5 |     3 ||    11
         Scroll            |       |       |    13 |     7 |     5 |    15 |     6 ||    46
   Stab: Petrified         |       |       |       |       |     8 |       |       ||     8
         Petrifying        |       |       |       |       |     1 |       |       ||     1
 Armour: Scale mail        |    13 |       |       |       |       |       |       ||    13
         Chain mail        |    37 |    23 |   132 |    17 |   292 |       |       ||   501
         Plate armour      |       |       |       |   221 |       |       |       ||   221
         Crystal plate arm |       |       |       |       |   188 |   628 |   199 ||  1015
  Dodge: Dodged            |    26 |    25 |    95 |   206 |   422 |   267 |    99 ||  1140
  Block: Buckler           |    18 |    12 |    48 |   104 |   219 |    10 |       ||   411
         Kite shield       |       |       |       |       |       |   867 |   341 ||  1208
         Reflection        |       |       |       |       |       |   100 |    48 ||   148
